 Dungeon Crawl Stone Soup version 0.19-a0-526-gbe2e51c (webtiles) character file.

732 tyrsky the Gusty (level 7, -10/50 HPs)
             Began as a Yellow Draconian Air Elementalist on June 7, 2016.
             Was an Initiate of Vehumet.
             Mangled by Pikel
             ... wielding a +2 whip of electrocution
              (15 damage)
             ... on level 5 of the Dungeon.
             The game lasted 00:14:02 (4117 turns).

tyrsky the Gusty (DrAE)                             Turns: 4117, Time: 00:14:03

Health: -10/50     AC:  6    Str: 14    XL:     7   Next: 45%
Magic:  0/13       EV: 12    Int: 17    God:    Vehumet [......]
Gold:   127        SH:  0    Dex: 11    Spells: 3 memorised, 9 levels left

rFire  . . .     SeeInvis .     o - +2 dagger (elec)
rCold  . . .     Gourm    .     (armour unavailable)
rNeg   . . .     Faith    .     (no shield)
rPois  +         Spirit   .     (helmet restricted)
rElec  .         Dismiss  .     (no cloak)
rCorr  +         Reflect  .     (no gloves)
SustAt .         Harm     .     (no boots)
MR     .....                    f - amulet of magic regeneration
Stlth  ++........               v - ring of poison resistance
                                k - +3 ring of strength (curse)

@: short of breath, repel missiles, not resistant to hostile enchantments,
unstealthy
A: spit acid, acid resistance, unfitting armour, cold-blooded, AC +6
a: Spit Acid, Renounce Religion


You were on level 5 of the Dungeon.
You worshipped Vehumet.
Vehumet was noncommittal.
You were hungry.

You visited 1 branch of the dungeon, and saw 5 of its levels.

You collected 127 gold pieces.

Inventory:

Hand Weapons
 o - a +2 dagger of electrocution (weapon)
Jewellery
 f - an amulet of magic regeneration (around neck)
 k - a cursed +3 ring of strength (left hand)
 v - a ring of poison resistance (right hand)
Wands
 p - a wand of polymorph (3/24)
 r - a wand of polymorph (8/24)
Scrolls
 c - 3 scrolls of enchant armour
 h - 2 scrolls of remove curse
 i - a scroll of identify {@*1}
 q - a scroll of magic mapping {unknown}
Potions
 d - a potion of flight
 e - a potion of mutation
 g - a potion of haste
 j - a potion of heal wounds {unknown}
 n - 2 potions of degeneration
Books
 a - a book of Air

   Spells                             Type                      Level
   a - Shock                          Conjuration/Air              1
   b - Swiftness                      Charms/Air                   2
   c - Repel Missiles                 Charms/Air                   2
   d - Static Discharge               Conjuration/Air              3
   e - Lightning Bolt                 Conjuration/Air              5
 m - a book of Maledictions

   Spells                             Type                      Level
   a - Corona                         Hexes                        1
   b - Ensorcelled Hibernation        Hexes/Ice                    2
   c - Confuse                        Hexes                        3
   d - Tukima's Dance                 Hexes                        3
   e - Dazzling Spray                 Conjuration/Hexes            3
Comestibles
 b - 4 bread rations
 l - 2 meat rations
 s - 3 beef jerkies
 t - 3 chunks of flesh
 u - 2 royal jellies


   Skills:
 - Level 1.7 Dodging
 - Level 1.7 Stealth
 + Level 4.6 Spellcasting
 + Level 4.9 Conjurations
 + Level 5.5 Air Magic


You had 9 spell levels left.
You knew the following spells:

 Your Spells              Type           Power        Failure   Level  Hunger
a - Shock                 Conj/Air       ###.         1%          1    None
b - Repel Missiles        Chrm/Air       ##....       10%         2    ##.....
c - Static Discharge      Conj/Air       ###.....     8%          3    ###....


Dungeon Overview and Level Annotations

Branches:
Dungeon (5/15)             Temple (0/1) D:4

Altars:
Cheibriados
Kikubaaqudgha
Nemelex Xobeh
Okawaru
Pakellas
Qazlal
Uskayaw
Vehumet
Xom
Zin

Annotations:
D:3 removeelyvilon's ghost, amateur MiFi
D:5 Pikel; Prince Ribbit


Innate Abilities, Weirdness & Mutations

You can spit globs of acid.
You are resistant to acid.
Your golden yellow scales are hard. (AC +6)
Your body does not fit into most forms of armour.
You are cold-blooded and may be slowed by cold attacks.


Message History

The zap hits Pikel.
Pikel is almost dead.
Pikel hits you with a whip of electrocution.
You are electrocuted!
* * * LOW HITPOINT WARNING * * *
You can't do that yet.
You feel better.
Pikel hits you with a whip of electrocution.
* * * LOW HITPOINT WARNING * * *
Casting: Shock
Confirm with . or Enter, or press ? or * to list all spells.
Aiming: Shock
Press: ? - help, Shift-Dir - straight line, f/p - Pikel
Aim: Pikel, wielding a whip of electrocution and wearing a robe (almost dead, covered in acid)
The zap hits Pikel.
Pikel is almost dead.
Pikel hits you with a whip of electrocution!
* * * LOW HITPOINT WARNING * * *
You are electrocuted!
You die...

#........( ......##.
.....#.# ### ###..#.# #.#
##..## #.### ##..# #...#
##.# ##...## #####..#
#.....##########.# #.....##
##..#..dKppp......#
..##..####.###########.!...#
.#######..## ....#
..##......# ....
..........### p..
............# ##
...##..###### ...###.# ...#
###


You could see Pikel and 3 slaves.

Vanquished Creatures
  The ghost of tyrsky the Gusty, a novice DrAE of Sif Muna (D:5)
  A slave (D:5)
  A black bear (D:4)
  A giant frog (D:5)
  A scorpion (D:5)
  2 hounds
  An orc priest (D:4)
  4 gnolls (D:4)
  5 adders
  A howler monkey skeleton (D:4)
  2 worms
  An adder skeleton (D:4)
  A dart slug (D:1)
  5 giant geckos
  5 orcs (D:4)
  4 bats
  A giant cockroach (D:5)
  10 goblins
  7 hobgoblins
  4 jackals (D:1)
  3 quokkas
  5 kobolds
  5 rats
71 creatures vanquished.

Notes
Turn   | Place    | Note
--------------------------------------------------------------
     0 | D:1      | tyrsky the Draconian Air Elementalist began the quest for the Orb.
     0 | D:1      | Reached XP level 1. HP: 14/14 MP: 3/3
   207 | D:1      | Reached XP level 2. HP: 11/20 MP: 0/5
   783 | D:1      | Reached XP level 3. HP: 26/26 MP: 2/6
  1655 | D:2      | Learned a level 2 spell: Repel Missiles
  1659 | D:2      | Learned a level 3 spell: Static Discharge
  1834 | D:3      | Noticed removeelyvilon's ghost (amateur MiFi)
  2269 | D:3      | Reached XP level 4. HP: 33/33 MP: 3/7
  2675 | D:4      | Found a snail-covered altar of Cheibriados.
  2675 | D:4      | Found a radiant altar of Vehumet.
  2675 | D:4      | Found an oddly glowing altar of Pakellas.
  2679 | D:4      | Found a shimmering altar of Xom.
  2679 | D:4      | Found a sparkling altar of Nemelex Xobeh.
  2681 | D:4      | Found an ancient bone altar of Kikubaaqudgha.
  2681 | D:4      | Found a glowing silver altar of Zin.
  2682 | D:4      | Found a hide-covered altar of Uskayaw.
  2685 | D:4      | Became a worshipper of Vehumet
  2695 | D:4      | Reached skill level 4 in Air Magic
  2765 | D:4      | Found a stormy altar of Qazlal.
  2775 | D:4      | Found an iron altar of Okawaru.
  2789 | D:4      | Reached XP level 5. HP: 33/38 MP: 0/9
  3166 | D:4      | Found a staircase to the Ecumenical Temple.
  3446 | D:4      | Noticed a black bear
  3456 | D:4      | Killed a black bear
  3456 | D:4      | Reached XP level 6. HP: 33/45 MP: 0/11
  3811 | D:5      | Entered Level 5 of the Dungeon
  3845 | D:5      | Noticed tyrsky's ghost (novice DrAE)
  3868 | D:5      | Killed tyrsky's ghost
  3868 | D:5      | Reached skill level 5 in Air Magic
  3868 | D:5      | Your scales start taking on a golden yellow colour.
  3868 | D:5      | Reached XP level 7. HP: 44/50 MP: 0/13
  4095 | D:5      | Noticed Prince Ribbit
  4102 | D:5      | Noticed Pikel
  4117 | D:5      | Mangled by Pikel

Vault maps used:
D:1:      lemuel_arrival_room, minmay_splitting_lines
D:2:      grunt_decor_arrowhead
D:3:      trog_butcher_becter
D:4:      black_bear_nest_1, okawaru_trees_1, grunt_temple_overflow_open,
          minmay_temple_entry_trees, nicolae_qazlal_general_emergency
D:5:      nicolae_overflow_crystal_walls, first_bread, uniq_pikel,
          uniq_prince_ribbit1

Skill      XL: |  1  2  3  4  5  6 |
---------------+-------------------+-----
Conjurations   | 2 3 4 |  4.9
Air Magic      | 4 5 |  5.5
Spellcasting   | 3 4 |  4.6
Dodging        | |  1.7
Stealth        | |  1.7

Action                   |  1- 3 |  4- 6 |  7- 9 || total
-------------------------+-------+-------+-------++-------
Melee: Dagger            |       |    23 |     1 ||    24
       Tailslap          |       |     2 |       ||     2
 Cast: Shock             |   118 |    89 |    35 ||   242
       Static Discharge  |     1 |     4 |     1 ||     6
       Repel Missiles    |       |     1 |       ||     1
 Abil: Spit Acid         |       |       |     3 ||     3
  Use: Scroll            |       |     8 |       ||     8
       Potion            |       |     3 |     1 ||     4
  Eat: Chunk             |     5 |     6 |     1 ||    12
Armor: Skin              |    10 |    13 |     5 ||    28
Dodge: Dodged            |    55 |    35 |     9 ||    99
       Deflected         |       |     2 |       ||     2
